 Dungeon Crawl Stone Soup version 0.22.1-1-ga44c0e5 (webtiles) character file.

33 redwoodhats the Ducker (level 3, 0/18 HPs)
             Began as a Spriggan Warper on Oct 22, 2018.
             Slain by an adder (2 damage)
             ... on level 2 of the Dungeon.
             The game lasted 00:06:14 (1652 turns).

redwoodhats the Ducker (Spriggan Warper)            Turns: 1652, Time: 00:06:14

Health: 0/18       AC: 10    Str:  7    XL:     3   Next: 12%
Magic:  8/8        EV: 19    Int: 15    God:
Gold:   32         SH:  0    Dex: 15    Spells: 8/8 levels left

rFire    . . .     SeeInvis +   k - +1 dagger (protect)
rCold    . . .     Gourm    .   (shield restricted)
rNeg     . . .     Faith    .   p - +0 robe
rPois    .         Spirit   .   (helmet restricted)
rElec    .         Reflect  .   n - +0 cloak
rCorr    .         Harm     .   (gloves unavailable)
MR       .....                  (boots unavailable)
Stlth    ++........             (no amulet)
HPRegen  0.06/turn              (no ring)
MPRegen  0.11/turn              (no ring)

@: protection aura, very quick
A: very small, unfitting armour, see invisible, herbivore, speed 3, slow
metabolism 2
a: no special abilities


You were on level 2 of the Dungeon.
You were not hungry.

You visited 1 branch of the dungeon, and saw 2 of its levels.

You collected 32 gold pieces.

Inventory:

Hand Weapons
 a - a +0 spear
 k - a +1 dagger of protection (weapon)
Missiles
 e - 5 tomahawks of dispersal (quivered)
 h - 8 poisoned needles
 i - 5 tomahawks
Armour
 b - a +0 robe
 n - a +0 cloak (worn)
 o - a +0 robe
 p - a +0 robe (worn)
Scrolls
 c - a scroll of remove curse
 d - a scroll of blinking
Potions
 g - a potion of curing
 j - a potion of ambrosia {unknown}
Comestibles
 f - 4 rations


   Skills:
 + Level 1.7 Fighting
 + Level 0.1 Short Blades
 + Level 1.9 Polearms
 + Level 1.0 Throwing
 + Level 4.5 Dodging
 * Level 0.7 Stealth
 + Level 3.0 Spellcasting
   Level 4.4 Translocations


You had 8 spell levels left.
You didn't know any spells.
Your spell library contained the following spells:

 Spells                   Type           Power        Failure   Level  Hunger
 Blink                    Tloc           N/A          4%          2    ##.....
 Gell's Gravitas          Tloc           ###.......   10%         3    ###....
 Lesser Beckoning         Tloc           ###.......   10%         3    ###....
 Teleport Other           Tloc           ###.....     10%         3    ###....
 Shroud of Golubria       Chrm/Tloc      #.........   12%         2    ##.....
 Passage of Golubria      Tloc           N/A          32%         4    #####..


Dungeon Overview and Level Annotations

Branches:
Dungeon (2/15)

Altars:


Innate Abilities, Weirdness & Mutations

You are very small and have problems with some larger weapons.
You are too small for most types of armour.
You have supernaturally acute eyesight. (SInv)
You are a herbivore.
You cover ground extremely quickly.
You need to consume almost no food.


Message History

Blink to where?
Press: ? - help, Dir - move target cursor, f - you
Okay, then.
Unknown command.
An adder comes into view. x2
The adder moves out of view.
The adder hisses angrily.
You hit the jackal.
The jackal is moderately wounded.
The jackal closely misses you. The jackal completely misses you.
You hit the jackal.
The jackal is severely wounded.
The jackal completely misses you.
You miss the jackal.
The jackal is severely wounded.
The jackal completely misses you.
You hit the jackal.
You kill the jackal!
The adder bites you.
You die...

#..#.#.#.#.#..#....#
#.#.#.
#..#.#.............# #
#.#.#. #..#
#.#.#.#..#....#.# #.#.#.
#.#......#....#.####.#.#.
#..................#.#.#.
#.#...#......>####.#.#.#.
#.#..................#.#.
. #...#.###...####.....#.
##
#.....@.†.....##.#.....
#.#.#.#S..#.#.####.####
#.#####.†......#
#.......#.....##
...................
.........#.###+####
####.....#.# .......#.#
###.#.#.#.#


You could see an adder.

Vanquished Creatures
  An ooze (D:1)
  A leopard gecko (D:1)
  5 bats
  2 goblins (D:1)
  4 hobgoblins
  4 jackals (D:2)
  A frilled lizard (D:1)
  A kobold (D:1)
  6 rats (D:1)
25 creatures vanquished.

Notes
Turn   | Place    | Note
-------+----------+-------------------------------------------
     0 | D:1      | redwoodhats the Spriggan Warper began the quest for the
                  | Orb.
     0 | D:1      | Reached XP level 1. HP: 10/10 MP: 5/5
   519 | D:1      | Reached XP level 2. HP: 14/14 MP: 6/6
  1608 | D:2      | Reached XP level 3. HP: 18/18 MP: 8/8
  1652 | D:2      | Slain by an adder

Skill      XL: |  1  2  3 |
---------------+----------+-----
Dodging        | 4 |  4.5
Spellcasting   | 3 |  3.0
Fighting       | |  1.7
Short Blades   | |  0.1
Polearms       | |  1.9
Throwing       | |  1.0
Stealth        | |  0.7
Translocations | |  4.4

Action                   || total
-------------------------++-------
Melee: Spear             ||    97
       Dagger            ||    56
  Use: Scroll            ||     4
       Potion            ||     2
 Stab: Sleeping          ||     3
Armor: Robe              ||    34
Dodge: Dodged            ||   161
